 Dungeon Crawl Stone Soup version 0.20.1-1-g8b1a95d (webtiles) character file.

96 polve the Slasher (level 4, -3/23 HPs)
             Began as a Vine Stalker Fighter on Aug 1, 2017.
             Slain by Grinder (5 damage)
             ... on level 3 of the Dungeon.
             The game lasted 00:02:18 (2763 turns).

polve the Slasher (Vine Stalker Fighter)            Turns: 2763, Time: 00:02:18

Health: -3/23      AC:  6    Str: 19    XL:     4   Next: 67%
Magic:  0/5        EV:  7    Int:  8    God:
Gold:   94         SH:  9    Dex: 14    Spells: 3/3 levels left

rFire    . . .     SeeInvis .   a - +0 long sword
rCold    . . .     Gourm    .   c - +0 shield
rNeg     . . .     Faith    .   b - +0 scale mail
rPois    .         Spirit   +   (no helmet)
rElec    .         Reflect  .   (no cloak)
rCorr    .         Harm     .   (no gloves)
MR       .....                  (no boots)
Stlth    ..........             (no amulet)
Regen    0.5/turn               (no ring)
MPRegen  0.1/turn               (no ring)

@: no status effects
A: fangs 2, regeneration 1, magic shield, antimagic bite, no potion heal 3, rot
immunity
a: no special abilities


You were on level 3 of the Dungeon.
You were not hungry.

You visited 1 branch of the dungeon, and saw 3 of its levels.

You collected 94 gold pieces.

Inventory:

Hand Weapons
 a - a +0 long sword (weapon)
Armour
 b - a +0 scale mail (worn)
 c - a +0 shield (worn)
 m - a +0 helmet
 o - a +0 pair of gloves
Scrolls
 e - a scroll of enchant weapon {unknown}
 g - a scroll of fear {unknown}
 h - 2 scrolls of fog {unknown}
 j - a scroll of remove curse {unknown}
 q - 2 scrolls of identify {unknown}
 r - 4 scrolls of teleportation {unknown}
 v - a scroll of recharging {unknown}
Potions
 d - a potion of might
 k - a potion of cancellation {unknown}
 l - a potion of flight {unknown}
 n - 2 potions of heal wounds {unknown}
 t - a potion of berserk rage {unknown}
 u - a potion of magic {unknown}
Comestibles
 f - 2 bread rations
 i - 2 royal jellies
 p - a chunk of flesh
 s - a fruit


   Skills:
 - Level 2.6 Fighting
 + Level 4.2 Long Blades
 - Level 2.4 Armour
 - Level 2.6 Shields


You had 3 spell levels left.
You didn't know any spells.

Dungeon Overview and Level Annotations

Branches:
Dungeon (3/15)

Altars:

Annotations:
D:3 Grinder


Innate Abilities, Weirdness & Mutations

You have extremely sharp teeth.
Your natural rate of healing is unusually fast.
When hurt, damage is shared between your health and your magic reserves.
Your bite disrupts and absorbs the magic of your enemies.
Potions cannot restore your health.
You are immune to rotting.


Message History

You are too injured to fight recklessly!
You are too injured to fight recklessly!
You are too injured to fight recklessly!
You are too injured to fight recklessly!
You are too injured to fight recklessly!
You are too injured to fight recklessly!
You hit Grinder. Your bite misses Grinder.
Grinder is moderately wounded.
Grinder hits you!
* * * LOW HITPOINT WARNING * * *
You closely miss Grinder. You bite Grinder, but do no damage.
Grinder is moderately wounded.
Grinder hits you!
* * * LOW HITPOINT WARNING * * *
You writhe in agony.
* * * LOW HITPOINT WARNING * * *
You hit Grinder but do no damage.
Grinder is moderately wounded.
Grinder hits you.
You die...

#.# .....+.# #.#
..... .# #.# ....
.# #.# ###... .#
#.# .... .# #.#
#.. .####.#
###.######.##...#
#..$@5.....##.###
#.#.#####..##.#
#...# #..##.#
##### #..##.#
###########..##.#
..........#..##.#
#########.#..##.#
#..........##.#
#.###.#.#.....#


You could see Grinder.

Vanquished Creatures
  3 adders (D:2)
  An ooze (D:2)
  2 worms (D:2)
  4 dart slugs (D:1)
  2 leopard geckos
  2 giant cockroaches
  4 goblins
  6 hobgoblins
  4 jackals (D:2)
  5 kobolds
  A ball python zombie (D:1)
  3 bats
  4 frilled lizards
  A giant cockroach zombie (D:1)
  8 rats
  3 plants (D:2)
53 creatures vanquished.

Notes
Turn   | Place    | Note
-------+----------+-------------------------------------------
     0 | D:1      | polve the Vine Stalker Fighter began the quest for the Orb.
     0 | D:1      | Reached XP level 1. HP: 11/11 MP: 2/2
    36 | D:1      | Reached skill level 2 in Long Blades
   326 | D:1      | Reached XP level 2. HP: 14/16 MP: 3/3
   703 | D:1      | Reached skill level 3 in Long Blades
   738 | D:1      | Reached XP level 3. HP: 17/19 MP: 4/4
  1571 | D:2      | Gained mutation: Your natural rate of healing is unusually fast. [Vine Stalker growth]
  1571 | D:2      | Reached XP level 4. HP: 20/23 MP: 5/5
  1692 | D:2      | Reached skill level 4 in Long Blades
  2752 | D:3      | Noticed Grinder
  2752 | D:3      | Paralysed by Grinder for 4 turns
  2762 | D:3      | HP: 1/23 [Grinder (4)]
  2763 | D:3      | Slain by Grinder

Skill      XL: |  1  2  3  4 |
---------------+-------------+-----
Long Blades    | 2 3 4 |  4.2
Fighting       | |  2.6
Armour         | |  2.4
Shields        | |  2.6

Action                   |  1- 3 |  4- 6 || total
-------------------------+-------+-------++-------
Melee: Long sword        |   134 |   141 ||   275
       Bite              |    36 |    46 ||    82
  Eat: Chunk             |     2 |     5 ||     7
Armor: Scale mail        |    35 |    39 ||    74
Dodge: Dodged            |    21 |    33 ||    54
Block: Shield            |    40 |    52 ||    92
       Rpst.: Long sword |     5 |    12 ||    17
